Map: [G8] Dragon Scales

Players

HeroMarine

  • Race: Terran Terran
  • Spawn Location: 11:00

Oliveira - Winner!

  • Race: Terran Terran
  • Spawn Location: 5:00

Event: Gamers8 2023

VOD

Have the link to the VOD?

Description

Time

  • Played on: Aug. 4, 2023, 9:22 a.m.
  • Length: 7:32

All games in this series

Show
View Real Time Build Order
Export as new Build Order

HeroMarine Terran 

Build Orders:  

Get SALT Encoding   

  12  0:00  SCV  
  13  0:12  SCV  
  14  0:17  Supply Depot  
  14  0:24  SCV  
  15  0:38  SCV  
  15  0:40  Barracks  
  16  0:42  Refinery  
  16  0:50  SCV  
  16  0:52  Refinery  
  17  1:02  SCV  
  18  1:15  SCV  
  19  1:27  Orbital Command, Reaper  
  20  1:33  Supply Depot  
  20  1:40  Factory  
  20  1:53  SCV  
  21  1:59  Reaper  
  22  2:05  SCV  
  23  2:16  Command Center  
  23  2:18  SCV  
  24  2:24  Hellion  
  26  2:30  SCV  
  26  2:31  Barracks Reactor  
  27  2:41  Starport  
  27  2:42  SCV  
  28  2:46  Supply Depot  
  28  2:48  Factory Tech Lab  
  28  2:54  SCV  
  29  3:06  SCV  
  29  3:08  Cyclone  
  29  3:12  Marine x2  
  35  3:18  SCV  
  35  3:19  Medivac  
  38  3:28  Orbital Command  
  38  3:30  Marine x2  
  38  3:31  SCV  
  41  3:43  SCV  
  41  3:44  Cyclone  
  41  3:47  Marine x2  
  47  3:51  Supply Depot  
  45  3:56  SCV x2  
  45  3:57  Starport Tech Lab  
  47  4:05  Marine  
  47  4:08  SCV  
  47  4:09  SCV  
  43  4:20  SCV  
  43  4:21  SCV  
  43  4:23  Siege Tank  
  44  4:33  SCV x2  
  44  4:34  Refinery  
  48  4:45  SCV x2  
  48  4:53  Command Center  
  48  4:55  Raven  
  48  4:57  SCV x2  
  52  5:03  Marine x2  
  54  5:09  SCV x2  
  54  5:10  Siege Tank  
  54  5:11  Supply Depot  
  60  5:21  Marine, SCV x2  
  60  5:23  Supply Depot  
  62  5:32  Marine  
  62  5:33  SCV x2  
  60  5:44  Raven  
  60  5:45  SCV x2  
  64  5:56  Barracks  
  61  5:57  SCV x2  
  61  5:58  Barracks  
  61  5:59  Barracks  
  61  6:02  Factory Reactor, Engineering Bay  
  61  6:03  Engineering Bay  
  63  6:06  Bunker, Orbital Command  
  63  6:09  SCV  
  63  6:10  SCV  
  65  6:17  Marine  
  68  6:18  Raven  
  68  6:21  SCV  
  68  6:22  SCV  
  70  6:31  SCV  
  71  6:33  Refinery  
  71  6:34  SCV x2  
  71  6:39  Barracks  
  73  6:41  Barracks  
  73  6:43  Marine, SCV  
  73  6:46  SCV x2  
  77  6:48  Marine x2  
  79  6:55  SCV  
  79  6:58  SCV x2  
  80  7:08  Marine x2  
  80  7:10  Marine  
  86  7:17  SCV x2  
  86  7:18  SCV  
Show
View Real Time Build Order
Export as new Build Order

Oliveira Terran - Winner!

Build Orders:  

Get SALT Encoding   

  12  0:00  SCV  
  13  0:12  SCV  
  14  0:17  Supply Depot  
  14  0:24  SCV  
  15  0:39  SCV  
  15  0:40  Barracks  
  16  0:44  Refinery  
  16  0:51  SCV  
  16  0:54  Refinery  
  17  1:03  SCV  
  18  1:15  SCV  
  19  1:27  Reaper  
  19  1:28  Orbital Command  
  19  1:32  Supply Depot  
  20  1:43  Factory  
  20  1:54  SCV  
  21  1:59  Barracks Reactor  
  21  2:06  SCV  
  22  2:20  Command Center  
  22  2:22  SCV  
  23  2:27  Hellion  
  25  2:34  SCV  
  25  2:36  Reaper x2  
  28  2:41  Supply Depot  
  28  2:46  SCV  
  28  2:51  Hellion  
  31  3:00  Starport  
  31  3:03  SCV  
  32  3:08  Reaper x2  
  34  3:13  Hellion  
  34  3:16  SCV  
  37  3:28  SCV  
  37  3:32  Orbital Command  
  38  3:35  Factory Tech Lab  
  38  3:36  Starport Tech Lab  
  38  3:41  SCV  
  39  3:43  Marine x2  
  39  3:44  Refinery  
  41  3:53  SCV  
  42  3:57  Cyclone  
  42  3:59  SCV  
  46  4:09  Raven  
  48  4:10  SCV  
  48  4:11  SCV  
  48  4:14  Supply Depot  
  48  4:15  Marine  
  47  4:21  Marine  
  47  4:22  SCV  
  45  4:25  SCV  
  45  4:27  Bunker  
  45  4:29  Siege Tank  
  46  4:32  Marine  
  46  4:34  SCV  
  46  4:38  Supply Depot  
  48  4:39  Marine  
  48  4:43  Raven  
  51  4:46  SCV  
  51  4:47  SCV  
  51  4:50  Marine  
  54  5:03  SCV  
  54  5:05  Command Center, SCV  
  56  5:08  Siege Tank  
  61  5:15  SCV  
  61  5:17  SCV  
  61  5:25  Supply Depot  
  61  5:34  SCV  
  63  5:35  SCV  
  63  5:36  Viking x2  
  63  5:37  Marine, Stimpack  
  63  5:38  Supply Depot  
  63  5:41  Refinery  
  68  5:47  Siege Tank  
  68  5:48  SCV x2  
  73  5:59  Barracks, Marine  
  73  6:00  Barracks  
  73  6:01  SCV  
  73  6:03  SCV  
  76  6:08  Viking  
  80  6:14  Liberator  
  80  6:16  SCV x2  
  83  6:21  Marine  
  83  6:22  Siege Tank  
  87  6:26  Engineering Bay x2  
  87  6:29  Supply Depot  
  87  6:30  SCV  
  87  6:32  SCV  
  89  6:39  Marine  
  90  6:40  Viking  
  90  6:42  SCV  
  93  6:48  SCV  
  93  6:49  Barracks Reactor x2  
  93  6:50  Orbital Command  
  94  6:58  Siege Tank  
  99  7:10  Marine  
  99  7:12  SCV  
Tags
 
Add a new tag
Caveats
  • Supply blocks, unpowered buildings, or Contaminate may cause inaccurate times.
  • Supply counts are checked every 10 seconds.